 Dungeon Crawl Stone Soup version 0.24-a0-443-g80245de385 (webtiles) character file.

Game seed: 3956328876459289716

103 KristoblXynda the Ducker (level 4, -1/19 HPs)
             Began as a Felid Transmuter on June 21, 2019.
             Killed from afar by an orc wizard (9 damage)
             ... with a magic dart
             ... on level 3 of the Dungeon.
             The game lasted 00:03:56 (3751 turns).

KristoblXynda the Ducker (Felid Transmuter)         Turns: 3751, Time: 00:03:57

Health: -1/19      AC:  2    Str: 11    XL:     4   Next: 51%
Magic:  1/8        EV: 23    Int: 14    God:
Gold:   111        SH:  0    Dex: 21    Spells: 3/7 levels left
                                        Lives:  0   Deaths: 1

rFire    . . .     SeeInvis +     - Unarmed
rCold    . . .     Gourm    .   (shield unavailable)
rNeg     . . .     Faith    .   (armour unavailable)
rPois    x         Spirit   .   (helmet unavailable)
rElec    .         Reflect  .   (cloak unavailable)
rCorr    .         Harm     .   (gloves unavailable)
MR       .....                  (boots unavailable)
Stlth    +++.......             (no amulet)
HPRegen  0.06/turn              f - +4 ring of strength
MPRegen  0.11/turn              (no ring)

@: spider-form (expiring), very slightly contaminated
A: tiny, no armour, no weapons or thrown items, stealth, see invisible,
carnivore, slow metabolism 1
a: End Transformation


You were on level 3 of the Dungeon.
You were full.
You were a venomous arachnid creature.
You visited 1 branch of the dungeon, and saw 3 of its levels.

You collected 111 gold pieces.

Inventory:

Jewellery
 f - a +4 ring of strength (left front leg)
Wands
 k - a wand of paralysis (7)
Scrolls
 a - a scroll of enchant armour {unknown}
 b - a scroll of immolation {unknown}
 d - a scroll of fog {unknown}
 e - 2 scrolls of magic mapping {unknown}
 h - a scroll of teleportation {unknown}
 i - a scroll of identify
 j - a scroll of amnesia {unknown}
Potions
 g - a potion of ambrosia
Comestibles
 c - 11 rations


   Skills:
 - Level 1.0 Fighting
 + Level 4.2 Dodging
 + Level 2.8 Stealth
 + Level 3.9 Unarmed Combat
 - Level 2.0 Spellcasting
 + Level 3.5 Transmutations


You had 3 spell levels left.
You knew the following spells:

 Your Spells              Type           Power        Failure   Level  Hunger
a - Beastly Appendage     Tmut           ##....       16%         1    ##.....
b - Spider Form           Tmut/Pois      #.........   56%         3    ####...

Your spell library contained the following spells:

 Spells                   Type           Power        Failure   Level  Hunger
 Sticks to Snakes         Tmut           ##......     22%         2    ###....
 Ice Form                 Ice/Tmut       #.......     89%         4    #####..
 Blade Hands              Tmut           ##........   94%         5    ######.


Dungeon Overview and Level Annotations

Branches:
Dungeon (3/15)

Altars:


Innate Abilities, Weirdness & Mutations

You cannot wear armour.
You are incapable of wielding weapons or throwing items.
Your paws allow you to move quietly. (Stealth)
((You have sharp claws.))
((You have razor-sharp teeth.))
You have supernaturally acute eyesight. (SInv)
You are carnivorous and can eat meat at any time.
((You cover ground quickly.))
((You are covered in fur. (AC +1)))
You have a slow metabolism.
((Your sharp claws are effective at attacking unaware monsters.))


Message History

You hit the orc priest.
The orc priest looks as sick as possible!
The orc priest is almost dead.
The orc priest looks encouraged for a moment.
You hit the orc priest.
You kill the orc priest!
You hit the orc but do no damage.
The orc is poisoned.
You closely miss the orc. The orc completely misses you.
You hit the orc.
The orc looks as sick as possible!
The orc is severely wounded.
Your transformation is almost over.
You kill the orc!
The orc wizard misses you.
Items here: )) †† a +0 hand axe; a cursed +0 flail; an orc corpse x2
You hit the orc wizard.
The orc wizard is lightly wounded.
The orc wizard points at you and mumbles some strange words.
The magic dart hits you!
You die...

##.....<.############....≈≈≈.≈≈
#####.#....## ########)##
........#>..# #.# .####.#.....#
#########.## .# #.##.#..#
............ .# #.##.#.)######
########.... .# #............#
#...# .# #######.####.# ###..
.# #.# #s# ### .# #.# #o# # .#
#.# #.# .. .##########.# ...
#.. ........<...# #.. #..
############# .#.. ##. # ## #


You could see an orc wizard.

Vanquished Creatures
  An orc priest (D:3)
  Robin (D:3)
  4 adders
  2 worms (D:2)
  A dart slug (D:1)
  An orc (D:3)
  2 giant cockroaches
  13 goblins
  8 hobgoblins
  2 jackals (D:1)
  6 kobolds
  2 quokkas
  A ball python (D:2)
  5 bats
  3 frilled lizards
  5 rats
57 creatures vanquished.

Notes
Turn   | Place    | Note
-------+----------+-------------------------------------------
     0 | D:1      | KristoblXynda the Felid Transmuter began the quest for the
                  | Orb.
     0 | D:1      | Reached XP level 1. HP: 9/9 MP: 4/4
   102 | D:1      | Reached skill level 3 in Dodging
   226 | D:1      | Reached XP level 2. HP: 10/12 MP: 6/6
  1392 | D:2      | Reached XP level 3. HP: 8/15 MP: 5/7
  1668 | D:2      | Reached skill level 1 in Stealth
  1819 | D:2      | Learned a level 3 spell: Spider Form
  3023 | D:3      | Noticed Robin
  3047 | D:3      | HP: 1/22 [goblin/+0 club[Robin] (3)]
  3048 | D:3      | Reached XP level 4. HP: 2/19 MP: 6/8
  3052 | D:3      | Slain by Robin
  3053 | D:3      | Reached XP level 3. HP: 0/22 MP: 7/7
  3103 | D:3      | Killed Robin
  3438 | D:3      | Reached skill level 4 in Dodging
  3521 | D:3      | Found a faded altar of an unknown god.
  3643 | D:3      | Reached XP level 4. HP: 10/19 MP: 8/8
  3751 | D:3      | Killed from afar by an orc wizard

Levels and vault maps discovered:
D:1:      erik_arrival_cave_to_civilisation [erik_arrival_cave_to_hall],
          layout_basic, dk_noncrumbling_2, nrook_mini_backslash,
          chequers_serial_rivers_small_a
D:2:      layout_rooms, first_ration
D:3:      layout_loops_ring, chequers_ecumenical_altar_island, uniq_robin

Skill      XL: |  1  2  3 |
---------------+----------+-----
Dodging        | 3 4 |  4.2
Stealth        | 2 |  2.8
Transmutations | 3 |  3.5
Fighting       | |  1.0
Unarmed Combat | |  3.9
Spellcasting   | |  2.0

Action                   |  1- 3 |  4- 6 || total
-------------------------+-------+-------++-------
Melee: Unarmed           |   168 |    10 ||   178
       Punch             |     2 |       ||     2
       Bite              |    17 |       ||    17
       Headbutt          |    13 |       ||    13
 Cast: Beastly Appendage |    17 |       ||    17
       Spider Form       |       |     1 ||     1
  Use: Scroll            |     2 |       ||     2
       Potion            |     2 |       ||     2
 Stab: Sleeping          |     4 |       ||     4
  Eat: Chunk             |    15 |       ||    15
Armor: Skin              |    15 |     2 ||    17
Dodge: Dodged            |   143 |     4 ||   147

Table legend:
 A = Non-vault XP
 B = Vault XP
 C = Vault XP percentage of total XP
 D = Non-vault monster count
 E = Vault monster count
 F = Vault count percentage of total count
                 A         B        C        D         E       F
            +---------+---------+-------+---------+---------+-------
      Total |     167 |      39 |  18.9 |      44 |      13 |  22.8
            +---------+---------+-------+---------+---------+-------
        D:1 |      25 |       0 |   0.0 |      14 |       0 |   0.0
        D:2 |      55 |       0 |   0.0 |      15 |       0 |   0.0
        D:3 |      87 |      39 |  31.0 |      15 |      13 |  46.4
            +---------+---------+-------+---------+---------+-------
